 Dungeon Sprint DCSS version 0.29-a0-775-g4d7333d4e2 (webtiles) character file.

Game seed: 16166106900260627027

5412 mhtbhm the Imperceptible (level 10, 47/47 HPs)
             Began as a Spriggan Enchanter on July 2, 2022.
             Was an Initiate of Dithmenos.
             Quit the game in the Dungeon (Sprint III: "The Ten Rune Challenge").
             The game lasted 00:04:40 (1732 turns).

mhtbhm the Imperceptible (Spriggan Enchanter)       Turns: 1732, Time: 00:04:41

Health: 47/47      AC:  2    Str:  4    XL:     10   Next: 40%
Magic:  27/27      EV: 22    Int: 17    God:    Dithmenos [......]
Gold:   12         SH:  0    Dex: 20    Spells: 15/33 levels left

rFire   . . .      SeeInvis +   a - +1 dagger
rCold   . . .      Faith    .   (no shield)
rNeg    . . .      Spirit   .   b - +0 robe
rPois   .          Reflect  .   (helmet restricted)
rElec   .          Harm     .   (no cloak)
rCorr   .          Rampage  .   (gloves unavailable)
Will    +....      NoTele   +   (boots unavailable)
Stlth   +++++++++.              (no amulet)
HPRegen 0.15/turn               j - ring of wizardry
MPRegen 0.20/turn               (no ring)

@: very quick
A: very small, no large weapons, unfitting armour, see invisible, speed 3
a: Renounce Religion


You were in the Dungeon.
You worshipped Dithmenos.
Dithmenos was noncommittal.
You visited 1 branch You collected 12 gold pieces.

Inventory:

Hand Weapons
 a - a +1 dagger (weapon)
Missiles
 f - 7 curare-tipped darts (quivered)
Armour
 b - a +0 robe (worn)
Jewellery
 j - a ring of wizardry (left hand)
Potions
 d - a potion of curing
 e - 2 potions of berserk rage
 g - 2 potions of magic
 h - a potion of might
 l - a potion of degeneration {unknown}
Miscellaneous
 m - a piece from Xom's chessboard (15/15)


   Skills:
 + Level 2.3 Fighting
 + Level 8.1 Short Blades
 + Level 7.2 Dodging
 + Level 23.4 Stealth
 + Level 12.0 Spellcasting
 + Level 0.6 Conjurations
 + Level 13.9 Hexes
 * Level 5.9 Transmutations
 + Level 5.4 Ice Magic
 + Level 1.7 Evocations


You had 15 spell levels left.
You knew the following spells:

 Your Spells              Type           Power      Damage    Failure   Level
a - Ensorcelled Hibernat  Hex/Ice        86%        N/A       1%          2
b - Confusing Touch       Hex            55%        N/A       1%          3
c - Tukima's Dance        Hex            55%        N/A       1%          3
d - Dazzling Flash        Conj/Hex       70%        N/A       1%          3
e - Dragon Form           Tmut           15%        N/A       87%         7

Your spell library contained the following spells:

 Spells                   Type           Power      Damage    Failure   Level
 Freeze                   Ice            100%       1d11      1%          1
 Frozen Ramparts          Ice            56%        1d7       1%          3
 Cause Fear               Hex            27%        N/A       1%          4
 Hailstorm                Conj/Ice       20%        3d6       9%          4
 Dragon's Call            Summ           5%         N/A       100%        9


Dungeon Overview and Level Annotations

Branches:
Dungeon (1/1)

Altars:
Cheibriados
Dithmenos
Elyvilon
Fedhas
Gozag
Hepliaklqana
Kikubaaqudgha
Makhleb
Nemelex Xobeh
Okawaru
Qazlal
Ru
Sif Muna
Trog
Uskayaw
Vehumet
Wu Jian
Xom
Yredelemnul
Zin
The Shining One
Beogh
Jiyva
Lugonu


Innate Abilities, Weirdness & Mutations

You are very small and have problems with some larger weapons.
You are too small for most types of armour.
You have supernaturally acute eyesight. (SInv)
You cover ground extremely quickly. (Speed+++)


Message History

You start waiting.
You flicker back into view.
You start waiting.
There is an open door here.
There is an open door here. 2 orc priests come into view.
Sorry, you're not good enough to have a special ability.
Sorry, you're not good enough to have a special ability.
There is an open door here.
There is an open door here.
There is an open door here.
Things that are here:
a +0 giant spiked club; a +0 giant spiked club
Things that are here:
a +0 giant spiked club; a +0 giant spiked club
Things that are here:
a +0 giant spiked club; a +0 giant club
There is an open door, spattered with blood here.
Things that are here:
a +0 giant spiked club; a +0 giant club
There is an open door here.
There is a blossoming altar of Fedhas here.
There is a snail-covered altar of Cheibriados here.
There is a hazy altar of Hepliaklqana here.
There is an opulent altar of Gozag here.
There is a hazy altar of Hepliaklqana here.
There is a snail-covered altar of Cheibriados here.
There is a blossoming altar of Fedhas here.
There is a stormy altar of Qazlal here.
There is a blossoming altar of Fedhas here.
There is an open door here.
There is an open door here.
There is an open door here.
There is a shadowy altar of Dithmenos here.
You kneel at the altar of Dithmenos.
Dithmenos welcomes you!
There is an open door here.
There is an open door here.
Okay, then.
Are you sure you want to abandon this character and quit the game? (Confirm with "yes".)

♣ ♣.############ ♣♣
♣♣.#___#___#__# .♣ ..#)..#__)#._#
♣♣♣♣♣.###'#'###'##
♣♣.♣..#..........#
≈♣♣...'.⌠........#
≈≈≈...#...######'#
≈≈....#.⌠.#__#...#+##############
≈.....#...#__#..@#....#.#.#)....#
......#'###__#...##.#).#.##.###.#
......#.))#__#...)##.#.#.##.#).##
......#___#__'...#.).#..#..##.)'^
▓▓▓▓▓▓▓▓▓▓▓▓▓▓▓▓▓▓▓▓▓▓▓▓▓▓▓▓▓▓▓#.
♣≈≈≈......))≈≈≈...#^
+♣≈≈≈≈≈≈≈≈≈≈≈≈♣♣..'.
♣♣♣♣♣♣♣♣♣♣♣♣♣♣♣P.#. ♣♣♣##


There were no monsters in sight!

Vanquished Creatures
  Donald (D)
  Frances (D)
  Erolcha (D)
  A deep elf pyromancer (D)
  A shadow (D)
  3 wandering mushrooms (D)
  2 redbacks (D)
  A spatial vortex (D)
  5 two-headed ogres (D)
  A necrophage (D)
  A water elemental (D)
  A jelly (D)
  Jessica (D)
  A wizard (D)
  A necromancer (D)
  A kobold demonologist (D)
  3 humans (D)
  A wolf (D)
  An endoplasm (D)
  2 rats (D)
30 creatures vanquished.

Vanquished Creatures (others)
  4 plants (D)
4 creatures vanquished.

Grand Total: 34 creatures vanquished

Notes
Turn   | Place    | Note
-------+----------+-------------------------------------------
     0 | D        | mhtbhm the Spriggan Enchanter began the quest for the Orb.
     0 | D        | Reached XP level 1. HP: 9/9 MP: 5/5
   141 | D        | Noticed Jessica
   144 | D        | Killed Jessica
   145 | D        | Reached skill level 6 in Stealth
   145 | D        | Reached skill level 5 in Hexes
   145 | D        | Reached XP level 2. HP: 13/13 MP: 5/7
   146 | D        | Reached XP level 3. HP: 16/16 MP: 6/9
   155 | D        | Learned a level 2 spell: Ensorcelled Hibernation
   159 | D        | Learned a level 3 spell: Confusing Touch
   163 | D        | Learned a level 3 spell: Tukima's Dance
   217 | D        | Reached skill level 7 in Stealth
   439 | D        | Noticed a water elemental
   442 | D        | Killed a water elemental
   443 | D        | Reached skill level 9 in Stealth
   443 | D        | Reached skill level 5 in Spellcasting
   443 | D        | Reached skill level 1 in Ice Magic
   443 | D        | Reached XP level 4. HP: 21/21 MP: 12/12
   457 | D        | Learned a level 3 spell: Dazzling Flash
   457 | D        | Found a shadowy altar of Dithmenos.
   457 | D        | Noticed a necrophage
   458 | D        | Found a basalt altar of Yredelemnul.
   458 | D        | Found a sacrificial altar of Ru.
   460 | D        | Reached XP level 5. HP: 24/24 MP: 14/14
   461 | D        | Reached skill level 11 in Stealth
   474 | D        | Found a glowing silver altar of Zin.
   475 | D        | Found a glowing golden altar of the Shining One.
   475 | D        | Found a white marble altar of Elyvilon.
   475 | D        | Noticed a deep elf pyromancer
   477 | D        | Killed a deep elf pyromancer
   478 | D        | Reached skill level 5 in Short Blades
   478 | D        | Reached skill level 5 in Dodging
   478 | D        | Reached skill level 15 in Stealth
   478 | D        | Reached skill level 10 in Hexes
   478 | D        | Reached XP level 6. HP: 28/28 MP: 14/17
   478 | D        | Reached XP level 7. HP: 32/32 MP: 15/19
   508 | D        | Found a radiant altar of Vehumet.
   509 | D        | Found a shimmering blue altar of Sif Muna.
   509 | D        | Found an ancient bone altar of Kikubaaqudgha.
   526 | D        | Learned a level 7 spell: Dragon Form
   537 | D        | Found a hide-covered altar of Uskayaw.
   537 | D        | Found an iron altar of Okawaru.
   538 | D        | Found a bloodstained altar of Trog.
   538 | D        | Found an ornate altar of the Wu Jian Council.
   538 | D        | Noticed a human
   538 | D        | Noticed a human
   540 | D        | Killed a human
   541 | D        | Reached skill level 16 in Stealth
   541 | D        | Killed a human
   562 | D        | Noticed a shadow
   564 | D        | Killed a shadow
   565 | D        | Reached skill level 17 in Stealth
   565 | D        | Reached XP level 8. HP: 36/36 MP: 19/21
   638 | D        | Found a blossoming altar of Fedhas.
   638 | D        | Found a stormy altar of Qazlal.
   638 | D        | Found a snail-covered altar of Cheibriados.
   638 | D        | Found a burning altar of Makhleb.
   638 | D        | Found a shimmering altar of Xom.
   639 | D        | Found a hazy altar of Hepliaklqana.
   639 | D        | Found an opulent altar of Gozag.
   639 | D        | Found a sparkling altar of Nemelex Xobeh.
   639 | D        | Found a corrupted altar of Lugonu.
   639 | D        | Found a viscous altar of Jiyva.
   665 | D        | Reached skill level 18 in Stealth
   845 | D        | Noticed a two-headed ogre
   848 | D        | Killed a two-headed ogre
   849 | D        | Reached skill level 1 in Fighting
   849 | D        | Reached skill level 19 in Stealth
   852 | D        | Noticed a two-headed ogre
   852 | D        | Noticed Erolcha
   854 | D        | Killed Erolcha
   855 | D        | Reached skill level 20 in Stealth
   855 | D        | Reached XP level 9. HP: 42/42 MP: 23/23
   855 | D        | Killed a two-headed ogre
   856 | D        | Reached skill level 21 in Stealth
   917 | D        | Reached skill level 10 in Spellcasting
   969 | D        | Noticed a wandering mushroom
   973 | D        | Noticed a wandering mushroom
   976 | D        | Noticed a wandering mushroom
  1000 | D        | Killed a wandering mushroom
  1001 | D        | Reached skill level 22 in Stealth
  1062 | D        | Killed a wandering mushroom
  1195 | D        | Noticed Frances
  1198 | D        | Noticed Donald
  1203 | D        | Noticed an orange demon
  1203 | D        | Noticed an orange demon
  1205 | D        | Noticed a sixfirhy
  1211 | D        | Killed Frances
  1212 | D        | Reached skill level 5 in Ice Magic
  1212 | D        | Reached skill level 1 in Evocations
  1212 | D        | Reached XP level 10. HP: 15/47 MP: 20/26
  1603 | D        | Killed Donald
  1604 | D        | Reached skill level 23 in Stealth
  1604 | D        | Reached skill level 5 in Transmutations
  1723 | D        | Became a worshipper of Dithmenos the Shadowed
  1732 | D        | Quit the game

Illustrated notes

Levels and vault maps discovered:
D:        dungeon_sprint_mu [sprint_mu_entry_forest, sprint_mu_temple_rooms,
          sprint_mu_d1_spiders, sprint_mu_d2_genie, sprint_mu_d3_branching,
          sprint_mu_orc_legion, sprint_mu_elf_gauntlet, sprint_mu_hive_nellie,
          sprint_mu_lair_fedhas, sprint_mu_vaults_butterflies,
          sprint_mu_slime_circle, sprint_mu_swamp_cave, sprint_mu_shoals_archi,
          sprint_mu_blade_basic, sprint_mu_crypt_fortress,
          sprint_mu_tomb_spiral, sprint_mu_vestibule_basic,
          sprint_mu_gehenna_hellfire, sprint_mu_dis_giant,
          sprint_mu_tartarus_statrot, sprint_mu_cocytus_islands, sprint_mu_zot1]

Skill      XL: |  1  2  3  4  5  6  7  8  9 10 |
---------------+-------------------------------+-----
Hexes          | 5 7 10 11 12 13 | 13.9
Dodging        | 3 4 5 6 7 |  7.2
Stealth        | 6 9 15 17 20 22 23 | 23.4
Spellcasting   | 3 5 7 8 9 11 12 | 12.0
Short Blades   | 2 3 5 6 7 8 |  8.1
Ice Magic      | 1 2 3 4 5 |  5.4
Fighting       | 1 2 |  2.3
Transmutations | 4 5 |  5.9
Evocations     | 1 |  1.7
Conjurations   | |  0.6

Action                   |  1- 3 |  4- 6 |  7- 9 | 10-12 || total
-------------------------+-------+-------+-------+-------++-------
Melee: Dagger            |    12 |     3 |    32 |     2 ||    49
Throw: Dart              |       |       |       |     1 ||     1
 Cast: Ensorcelled Hiber |     7 |       |     9 |       ||    16
       Dazzling Flash    |       |       |     2 |       ||     2
       Confusing Touch   |       |       |     4 |       ||     4
Evoke: Piece from Xom's  |       |       |     2 |     1 ||     3
  Use: Potion            |     2 |       |     3 |     1 ||     6
       Scroll            |       |       |     2 |       ||     2
 Stab: Sleeping          |     6 |     3 |    13 |       ||    22
       Invisible         |       |       |     2 |     2 ||     4
       Confused          |       |       |     3 |       ||     3
Armor: Robe              |     1 |       |       |       ||     1
Dodge: Dodged            |    24 |       |    19 |     2 ||    45

Table legend: (Time is in decaauts)
 A = Elapsed time spent in this place.
 B = Non-inter-level travel time spent in this place.
 C = Inter-level travel time spent in this place.
 D = Time resting spent in this place.
 E = Time spent auto-exploring this place.
 F = Levels seen in this place.
 G = Mean time per level.
                   A        B        C        D        E       F      G
               +--------+--------+--------+--------+--------+-----+--------+
         Total |   1575 |   1574 |      1 |   1073 |    126 |   1 | 1575.0 |
       Dungeon |   1575 |   1574 |      1 |   1073 |    126 |   1 | 1575.0 |
               +--------+--------+--------+--------+--------+-----+--------+

Top non-repeatable levels by time:
       D: 1575 daAuts
